 Dungeon Crawl Stone Soup version 0.31-a0-1448-g4a97266 (webtiles) character file.

Game seed: 3165042039873081356

2578 samfromsteam the Fighter (level 9, -1/79 (81) HPs)
             Began as a Minotaur Berserker on Dec 27, 2023.
             Was an Elder of Trog.
             Slain by a wight
             ... wielding a +0 long sword
              (5 damage)
             ... on level 7 of the Dungeon.
             The game lasted 00:14:08 (5399 turns).

samfromsteam the Fighter (Minotaur Berserker)       Turns: 5399, Time: 00:14:09

HP:   -1/79 (81)    AC:  9    Str: 27    XL:     9   Next: 32%
MP:   8/8           EV: 13    Int:  4    God:    Trog [****..]
Gold: 96            SH:  0    Dex:  9    Spells: 8/8 levels left

rFire   . . .        b - +2 quarterstaff (chaos)
rCold   . . .        (shield currently unavailable)
rNeg    . . .        p - +0 ring mail
rPois   .            (helmet restricted)
rElec   .            q - +1 cloak {rCorr}
rCorr   +            (no gloves)
SInv    .            (no boots)
Will    .....        (no amulet) Stlth
                     (no ring)
HPRegen 0.33/turn    (no ring)
MPRegen 0.11/turn

%: no passive effects
@: lightly drained
A: horns 2, retaliatory headbutt
a: Renounce Religion, Berserk, Trog's Hand, Brothers in Arms


You were on level 7 of the Dungeon.
You worshipped Trog.
Trog was greatly pleased with you.
You visited 1 branch of the dungeon, and saw 7 of its levels.

You collected 320 gold pieces.
You spent 224 gold pieces at shops.

Inventory:

Hand Weapons
 a - a +0 hand axe
 b - a +2 quarterstaff of chaos (weapon)
Armour
 p - a +0 ring mail (worn)
 q - a +1 cloak of preservation (worn)
Wands
 r - a wand of quicksilver (7)
 u - a wand of paralysis (9) (quivered)
 x - a wand of roots (10)
Scrolls
 e - 3 scrolls of identify
 f - 4 scrolls of noise {unknown}
 k - a scroll of immolation {unknown}
 m - 2 scrolls of teleportation
 n - a scroll of butterflies {unknown}
 s - 2 scrolls of fear
 t - a scroll of revelation {unknown}
 w - a scroll of enchant weapon {unknown}
 y - a scroll of enchant armour {unknown}
Potions
 c - 3 potions of degeneration {!q!q}
 d - 3 potions of attraction {!q}
 g - a potion of curing {unknown}
 h - 2 potions of enlightenment
 i - 2 potions of haste
 j - 2 potions of invisibility {unknown}
 l - 2 potions of lignification {!q}
 o - 2 potions of berserk rage
 v - a potion of heal wounds
 z - a potion of ambrosia {unknown}


   Skills:
 + Level 8.1 Fighting
 + Level 8.1 Axes
 + Level 4.0 Staves
 + Level 7.6 Armour
 + Level 7.0 Dodging


You had 8 spell levels left.
You didn't know any spells.
Your spell library contained the following spells:

 Spells                   Type           Power      Damage    Failure   Level
 Summon Small Mammal      Summ           0%         N/A       63%         1
 Call Canine Familiar     Summ           0%         N/A       94%         3
 Cause Fear               Hex            0%         N/A       100%        4
 Summon Blazeheart Golem  Fire/Summ      0%         N/A       100%        4
 Fireball                 Conj/Fire      0%         3d3       100%        5
 Dragon's Call            Summ           0%         N/A       100%        9


Dungeon Overview and Level Annotations

Branches:
Dungeon (7/15)
 Temple: D:4-7

Altars:
Elyvilon
Trog

Shops:
D:4 **   D:5 ?


Innate Abilities, Weirdness & Mutations

You have a pair of horns on your head.
You reflexively headbutt those who attack you in melee.


Message History

You sock the wyvern zombie! You burn the wyvern zombie.
You headbutt the wyvern zombie!
The wyvern zombie is severely damaged.
The wyvern zombie barely misses you. You furiously retaliate!
You headbutt the wyvern zombie. The wyvern zombie barely misses you.
You furiously retaliate!
You headbutt the wyvern zombie, but do no damage.
You barely miss the wyvern zombie. You headbutt the wyvern zombie.
The wyvern zombie is almost destroyed.
The wyvern zombie barely misses you. You furiously retaliate!
You headbutt the wyvern zombie!
You destroy the wyvern zombie!
Trog accepts your kill.
Your life force feels restored.
Found a club.
A wight comes into view. It is wielding a +0 long sword.
Found 6 poisoned darts.
You sock the wight!
The wight seems to grow stronger.
The wight is severely damaged.
The wight hits you with a +0 long sword!
* * * LOW HITPOINT WARNING * * *
You hit the wight.
The wight becomes as fragile as glass!
The wight is almost destroyed.
The wight barely misses you.
You barely miss the wight. You headbutt the wight.
The wight is almost destroyed.
The wight closely misses you.
You closely miss the wight.
The wight is almost destroyed.
The wight barely misses you.
You completely miss the wight.
The wight is almost destroyed.
The wight hits you with a +0 long sword!
* * * LOW HITPOINT WARNING * * *
You feel drained.
* * * LOW HITPOINT WARNING * * *
You hit the wight but do no damage.
The wight is almost destroyed.
The wight hits you with a +0 long sword.
You die...

!.)>#................
...##..................
..................##...
...................#...
.....................
........##......... .
............#.......
...........##....#
.##.......@z.....#
##.............#
##.###)...##... #..
....... ( #.. ......###
## ########


You could see a wight (strong, vitrified).

Vanquished Creatures
  Sigmund (D:2)
  Eustachio (D:5)
  A water moccasin (D:6)
  Duvessa (D:5)
  An ice beast (D:7)
  A hornet zombie (D:7)
  A black bear (D:6)
  A sky beast (D:6)
  An ogre (D:4)
  2 phantoms
  2 kobold brigands
  2 scorpions (D:5)
  A wyvern zombie (D:7)
  Dowan (D:5)
  5 wights (D:7)
  3 howler monkeys (D:7)
  3 bombardier beetles
  2 orc priests
  A hound (D:4)
  Crazy Yiuf (D:2)
  2 jellies
  3 sleepcaps
  3 iguanas
  3 orc wizards
  7 adders
  4 gnolls (D:3)
  2 white imps
  2 ufetubi (D:5)
  2 worms (D:3)
  2 dart slugs
  15 orcs
  8 endoplasms
  4 giant cockroaches
  6 goblins
  12 hobgoblins
  4 jackals (D:3)
  5 kobolds
  3 quokkas
  5 ball pythons
  5 bats
  12 frilled lizards
  2 rats (D:2)
143 creatures vanquished.

Vanquished Creatures (collateral kills)
  2 kobolds (D:5)
2 creatures vanquished.

Grand Total: 145 creatures vanquished

Notes
Turn   | Place    | Note
-------+----------+-------------------------------------------
     0 | D:1      | samfromsteam the Minotaur Berserker began the quest for the
                  | Orb.
     0 | D:1      | Reached XP level 1. HP: 19/19 MP: 0/0
    74 | D:1      | Reached XP level 2. HP: 23/27 MP: 1/1
   330 | D:1      | You fall into a shaft and drop 1 floor!
   412 | D:2      | Noticed Sigmund
   651 | D:2      | Reached XP level 3. HP: 29/33 MP: 2/2
   730 | D:1      | Reached ** piety under Trog
   906 | D:2      | Killed Sigmund
   907 | D:2      | Reached XP level 4. HP: 25/41 MP: 3/3
   907 | D:2      | Reached XP level 5. HP: 29/47 MP: 4/4
  1038 | D:2      | Reached skill level 5 in Fighting
  1168 | D:2      | Found a runed translucent door.
  1169 | D:2      | Noticed Crazy Yiuf
  1284 | D:2      | Killed Crazy Yiuf
  1285 | D:2      | Reached skill level 5 in Axes
  1408 | D:3      | Reached XP level 6. HP: 56/56 MP: 5/5
  2548 | D:4      | Reached skill level 5 in Armour
  2548 | D:4      | Reached *** piety under Trog
  2602 | D:4      | Found Mefimong's General Store.
  2606 | D:4      | Found Ytof's Specific Store.
  2610 | D:4      | Reached XP level 7. HP: 62/62 MP: 6/6
  2617 | D:4      | Bought a potion of heal wounds for 60 gold pieces
  2617 | D:4      | Bought a scroll of teleportation for 36 gold pieces
  2617 | D:4      | Bought a scroll of identify for 24 gold pieces
  2617 | D:4      | Bought a scroll of fear for 48 gold pieces
  2897 | D:4      | Reached skill level 5 in Dodging
  2997 | D:5      | Entered Level 5 of the Dungeon
  3236 | D:5      | Found Sexziden's Magic Scroll Shop.
  3272 | D:5      | Reached XP level 8. HP: 54/71 MP: 7/7
  3415 | D:5      | Noticed Eustachio
  3434 | D:5      | Killed Eustachio
  3614 | D:5      | Bought 2 scrolls of identify for 56 gold pieces
  3897 | D:5      | Noticed Dowan
  3900 | D:5      | Noticed Duvessa
  3904 | D:5      | Killed Dowan
  3905 | D:5      | Reached skill level 1 in Staves
  3911 | D:5      | Killed Duvessa
  4132 | D:6      | Found a white marble altar of Elyvilon.
  4651 | D:6      | Found a bloodstained altar of Trog.
  4935 | D:7      | Reached XP level 9. HP: 39/80 MP: 8/8
  5341 | D:7      | Reached **** piety under Trog
  5398 | D:7      | HP: 8/81 [wight/+0 long sword (8)]
  5399 | D:7      | Slain by a wight

Illustrated notes

Levels and vault maps discovered:
D:1:      saegor_arrival_simple_e, layout_rooms
D:2:      layout_loops_cross, uniq_crazy_yiuf_cottage, uniq_sigmund
D:3:      layout_basic
D:4:      layout_rooms, nicolae_specific_store, grunt_ministairs_4, st_stairs_1,
          minmay_lizard_king
D:5:      layout_basic, serial_shops, nicolae_inconvenience_store, uniq_duvessa,
          uniq_eustachio
D:6:      layout_loops_ring, chequers_temple_overflow_statue_of_worship
D:7:      layout_cave_pools, nicolae_temple_entry_ecumenical, serial_undead,
          serial_undead_b, serial_undead_a, serial_undead_d, serial_undead_f,
          serial_undead_e, serial_undead_f, enter_bailey_7, gammafunk_ghost_hive

Skill      XL: |  1  2  3  4  5  6  7  8  9 |
---------------+----------------------------+-----
Fighting       | 4 5 6 7 8 |  8.1
Axes           | 4 5 6 7 8 |  8.1
Armour         | 3 4 5 6 7 |  7.6
Dodging        | 3 4 5 6 7 |  7.0
Staves         | 3 4 |  4.0

Action                     |  1- 3 |  4- 6 |  7- 9 || total
---------------------------+-------+-------+-------++-------
  Melee: Hand axe          |    60 |     5 |       ||    65
         Headbutt          |     7 |    15 |    32 ||    54
         Quarterstaff      |       |    81 |   172 ||   253
 Invoke: Berserk           |     1 |     3 |     3 ||     7
         Trog's Hand       |       |       |     2 ||     2
  Evoke: Wand              |       |     1 |       ||     1
    Use: Scroll            |       |       |     6 ||     6
 Armour: Animal skin       |    26 |     5 |       ||    31
         Ring mail         |       |    65 |   116 ||   181
  Dodge: Dodged            |    36 |    86 |   110 ||   232

Table legend: (Time is in decaauts)
 A = Elapsed time spent in this place.
 B = Non-inter-level travel time spent in this place.
 C = Inter-level travel time spent in this place.
 D = Time resting spent in this place.
 E = Time spent auto-exploring this place.
 F = Levels seen in this place.
 G = Mean time per level.
                   A        B        C        D        E       F      G
               +--------+--------+--------+--------+--------+-----+--------+
         Total |   5530 |   5355 |    175 |    733 |   3562 |   7 |  790.0 |
       Dungeon |   5530 |   5355 |    175 |    733 |   3562 |   7 |  790.0 |
               +--------+--------+--------+--------+--------+-----+--------+

Top non-repeatable levels by time:
     D:6: 1167 daAuts
     D:5: 1137 daAuts
     D:2: 1035 daAuts
     D:3: 1012 daAuts
     D:4: 577 daAuts
     D:1: 448 daAuts
     D:7: 150 daAuts
